Map: Washout LE

Players

Lambo

  • Race: Zerg Zerg

A.I. 1 (Medium) - Winner!

  • Race: Terran Terran

VOD

Have the link to the VOD?

Description

Time

  • Played on: July 24, 2026, 5:28 a.m.
  • Length: 8:10
Show
View Real Time Build Order
Export as new Build Order

Lambo Zerg 

Build Orders: Pool First 

Get SALT Encoding   

  8  0:00  Drone  
  9  0:10  Drone  
  10  0:17  Drone  
  10  0:21  Drone  
  12  0:31  Overlord  
  12  0:39  Extractor, Drone  
  13  0:51  Drone x2  
  15  1:00  Drone  
  16  1:06  Spawning Pool  
  16  1:10  Drone  
  16  1:20  Drone  
  17  1:33  Hatchery  
  17  1:37  Drone  
  17  1:38  Extractor  
  16  1:41  Drone  
  17  1:52  Queen  
  19  1:56  Drone  
  20  2:02  Overlord  
  20  2:07  Extractor  
  19  2:09  Drone  
  21  2:21  Drone  
  22  2:28  Queen  
  22  2:29  Drone  
  25  2:40  Overlord  
  25  2:46  Queen, Drone  
  25  2:49  Metabolic Boost  
  28  2:53  Drone  
  28  2:57  Drone  
  30  2:59  Drone  
  30  3:02  Drone  
  30  3:04  Drone  
  33  3:07  Drone  
  34  3:13  Overlord  
  34  3:16  Drone  
  35  3:21  Drone  
  35  3:26  Drone  
  37  3:30  Drone  
  37  3:31  Drone x3  
  41  3:36  Drone x3  
  41  3:40  Lair  
  44  3:44  Overlord  
  44  3:47  Zergling x2  
  44  3:48  Zergling x2  
  46  3:51  Drone  
  47  3:56  Drone  
  48  4:03  Drone  
  48  4:05  Extractor  
  48  4:06  Extractor, Drone  
  48  4:07  Extractor  
  48  4:09  Drone x6  
  53  4:14  Baneling Nest, Drone  
  53  4:21  Drone  
  54  4:28  Overlord  
  54  4:32  Hatchery  
  54  4:33  Drone  
  54  4:39  Spire  
  54  4:41  Overlord  
  54  4:42  Zergling x6  
  54  4:43  Overseer  
  56  4:48  Zergling x6  
  56  4:49  Zergling x2  
  60  4:55  Zergling x2  
  60  4:56  Zergling x2  
  60  4:58  Centrifugal Hooks  
  62  5:07  Overlord  
  62  5:12  Zergling x6  
  62  5:13  Overlord  
  65  5:16  Zergling x4  
  65  5:20  Drone, Evolution Chamber  
  67  5:23  Overlord  
  67  5:25  Overlord  
  67  5:34  Zergling x4  
  69  5:46  Mutalisk x6  
  81  5:52  Zerg Ground Armor Level 1  
  81  5:55  Drone x2  
  81  5:56  Drone x2  
  85  5:57  Drone x2  
  87  6:07  Drone x3  
  87  6:09  Zerg Flyer Armor Level 1  
  90  6:14  Drone  
  90  6:17  Hatchery  
  87  6:18  Drone x3  
  87  6:22  Drone  
  87  6:23  Drone x2  
  91  6:27  Evolution Chamber  
  91  6:28  Drone x3  
  91  6:30  Drone  
  91  6:31  Drone  
  95  6:34  Drone x2  
  95  6:35  Drone  
  95  6:39  Extractor  
  97  6:40  Extractor  
  97  6:44  Mutalisk x3  
  104  6:47  Drone x2  
  104  6:51  Mutalisk x2  
  108  6:59  Overlord x2  
  108  7:00  Overlord  
  108  7:01  Overlord  
  108  7:04  Overlord  
  108  7:08  Overlord  
  108  7:10  Overlord  
  108  7:12  Overlord  
  108  7:16  Overlord x2  
  108  7:19  Overlord  
  108  7:20  Mutalisk  
  108  7:21  Mutalisk  
  112  7:24  Mutalisk  
  112  7:28  Mutalisk x2  
  118  7:31  Zergling x6  
  118  7:35  Drone x4  
  125  7:37  Drone  
  125  7:39  Drone  
  127  7:45  Mutalisk x2  
  127  7:48  Zergling x8  
  134  7:52  Zergling x6  
  140  8:03  Hatchery  
Show
View Real Time Build Order
Export as new Build Order

A.I. 1 (Medium) Terran - Winner!

Build Orders:  

Get SALT Encoding   

  8  0:00  SCV  
  9  0:13  SCV  
  10  0:25  SCV  
  11  0:37  SCV  
  12  0:46  Supply Depot  
  12  0:49  SCV  
  13  1:07  SCV  
  13  1:10  Barracks  
  14  1:20  SCV  
  15  1:32  SCV  
  16  1:41  Command Center  
  16  1:44  SCV  
  17  1:56  SCV, Marine  
  19  2:06  Supply Depot  
  19  2:08  Orbital Command  
  19  2:14  Refinery, Marine  
  20  2:29  Barracks  
  20  2:33  SCV  
  21  2:37  Refinery  
  21  2:46  SCV  
  21  2:48  Barracks Tech Lab  
  22  2:53  Supply Depot  
  22  2:57  SCV  
  23  3:02  SCV  
  24  3:06  Reaper  
  24  3:09  SCV  
  26  3:14  SCV  
  26  3:17  Barracks Tech Lab  
  27  3:20  Refinery  
  27  3:34  Refinery  
  27  3:37  Factory  
  27  3:40  Marine  
  28  3:42  SCV  
  29  3:50  Marine  
  30  3:56  Factory  
  30  3:57  SCV  
  30  4:00  SCV  
  32  4:06  Marauder  
  32  4:09  SCV  
  35  4:15  SCV  
  36  4:21  SCV  
  36  4:22  Reaper  
  36  4:23  Factory Tech Lab  
  38  4:28  SCV  
  39  4:34  Supply Depot  
  39  4:35  SCV  
  39  4:37  Marine  
  41  4:39  Factory Tech Lab  
  41  4:40  SCV  
  42  4:47  SCV  
  42  4:52  SCV  
  44  4:55  Marine  
  44  4:59  SCV  
  46  5:04  SCV  
  46  5:05  Supply Depot  
  47  5:09  Siege Tank  
  47  5:11  SCV  
  51  5:16  SCV  
  52  5:24  Marine  
  52  5:26  SCV  
  54  5:31  Supply Depot, SCV  
  55  5:39  SCV  
  55  5:40  Marine  
  56  5:43  SCV  
  57  5:51  SCV  
  57  5:54  Supply Depot  
  57  5:55  SCV  
  57  5:56  Marauder  
  61  5:58  Starport  
  61  6:03  SCV  
  62  6:10  Engineering Bay  
  62  6:12  Reaper  
  62  6:15  SCV  
  64  6:20  SCV  
  64  6:21  Supply Depot  
  64  6:28  SCV, Reaper  
  64  6:32  SCV  
  67  6:35  Starport Tech Lab  
  67  6:36  Missile Turret  
  65  6:40  SCV, Sensor Tower  
  65  6:44  Siege Tank, Armory, SCV  
  65  6:45  Missile Turret  
  67  6:47  Missile Turret  
  67  6:48  Barracks  
  67  6:52  SCV  
  67  6:53  Raven  
  64  6:56  SCV  
  64  6:59  Cyclone  
  65  7:04  SCV  
  61  7:08  SCV  
  61  7:15  Reaper  
  63  7:16  SCV  
  63  7:20  Bunker, SCV  
  65  7:28  Raven, SCV  
  68  7:31  Reaper  
  68  7:32  SCV  
  68  7:35  Barracks Reactor  
  70  7:40  SCV  
  71  7:44  SCV  
  68  7:52  SCV  
  68  7:57  SCV  
Tags
 
Matchup
TvZ
Opening
Pool First
Player
Lambo
Add a new tag
Caveats
  • Supply blocks, unpowered buildings, or Contaminate may cause inaccurate times.
  • Supply counts are checked every 10 seconds.